APP
BOSTON (RK+) RED SOX @ BALTIMORE (RK+) ORIOLES
08/16/2099
 
TOP OF THE 1ST
Boston (Rk+) Red Sox batting - Pitching for Baltimore (Rk+) Orioles : LHP Agustin Enciso
Pitching: LHP Agustin Enciso
Batting: LHB Ernie Hitchcock 0-0: Ball
1-0: Called Strike
1-1: Swinging Strike
1-2: Reached on error, E4 (Groundball, 4S, EV 69.4 MPH)
Batting: RHB Jim Porcelli 0-0: Called Strike
0-1: Fly out, F9 (Flyball, 9D, EV 111.3 MPH)
Batting: RHB Tom Carey 0-0: Ball
1-0: Ball
2-0: Ball
3-0: Foul Ball, location: 5F
3-1: Called Strike
3-2: Base on Balls
Ernie Hitchcock to second
Batting: RHB Aaron Weber 0-0: Called Strike
0-1: Ball
1-1: Ball
2-1: Foul Ball, location: 9LMF
2-2: Strikes out swinging
Batting: SHB Alejandro Rodriguez 0-0: DOUBLE (Line Drive, 89D, EV 100.6 MPH)
Ernie Hitchcock scores
Tom Carey to third
Batting: RHB Manny Vega 0-0: Ball
1-0: Hit by Pitch
Pitching: LHP Jim Orton
Batting: LHB Jeremy Bertsch 0-0: Ball
1-0: Ball
2-0: Ball
3-0: Base on Balls
Tom Carey scores
Alejandro Rodriguez to third
Manny Vega to second
Batting: RHB Steve Kolinski 0-0: Ball
1-0: Fly out, F9 (Flyball, 89M, EV 78.8 MPH)
Top of the 1st over - 2 runs, 1 hit, 1 error, 3 left on base; Boston (Rk+) 2 - Baltimore (Rk+) 0
BOTTOM OF THE 1ST
Baltimore (Rk+) Orioles batting - Pitching for Boston (Rk+) Red Sox : RHP Tim Clarke
Pitching: RHP Tim Clarke
Batting: RHB Eddie Medina 0-0: Called Strike
0-1: DOUBLE (Flyball, 78XD, EV 106.9 MPH)
Batting: RHB Jordan Stevens 0-0: Fly out, F8 (Flyball, 89D, EV 95.0 MPH)
Runner from 2nd tags up, SAFE at 3rd, no throw by CF
Batting: RHB Chris Rempert 0-0: Ball
1-0: Foul Ball, location: 2F
1-1: Ground out 5-3 (Groundball, 56, EV 83.8 MPH)
Eddie Medina scores
Batting: SHB Jason Massey 0-0: Ball
1-0: Ball
2-0: Fly out, F4 (Popup, 4D, EV 71.3 MPH)
Bottom of the 1st over - 1 run, 1 hit, 0 errors, 0 left on base; Boston (Rk+) 2 - Baltimore (Rk+) 1
TOP OF THE 2ND
Boston (Rk+) Red Sox batting - Pitching for Baltimore (Rk+) Orioles : LHP Jim Orton
Batting: RHB Dave Cardona 0-0: Ball
1-0: Fly out, F7 (Line Drive, 78S, EV 91.3 MPH)
Batting: LHB Ernie Hitchcock 0-0: Ball
1-0: Swinging Strike
1-1: Ball
2-1: Ground out U3 (Groundball, 34S, EV 85.6 MPH)
Batting: RHB Jim Porcelli 0-0: Ball
1-0: Ball
2-0: Fly out, F8 (Line Drive, 8LD, EV 90.6 MPH)
Top of the 2nd over - 0 runs, 0 hits, 0 errors, 0 left on base; Boston (Rk+) 2 - Baltimore (Rk+) 1
BOTTOM OF THE 2ND
Baltimore (Rk+) Orioles batting - Pitching for Boston (Rk+) Red Sox : RHP Tim Clarke
Batting: RHB Bobby Snow 0-0: Ball
1-0: Foul Ball, location: 9LMF
1-1: Swinging Strike
1-2: Foul Ball, location: 3F
1-2: Ball
2-2: Foul Ball, location: 9LDF
2-2: Ball
3-2: Foul Ball, location: 2F
3-2: Strikes out swinging
Batting: RHB Jorge Chavez 0-0: Called Strike
0-1: Foul Ball, location: 2F
0-2: Ball
1-2: Ball
2-2: Ball
3-2: Base on Balls
Batting: RHB Greg Payne 0-0: Foul Ball, location: 5F
0-1: Ball
1-1: Ball
2-1: Ball
3-1: Foul Ball, location: 5DF
3-2: Reached on error, E5 (Groundball, 5, EV 83.8 MPH)
Jorge Chavez to second
Batting: LHB Octavio Salgado 0-0: Ball
1-0: Ball
2-0: Called Strike
2-1: Foul Ball, location: 3FF
2-2: Foul Ball, location: 7LMF
2-2: Ball
3-2: Strikes out swinging
Batting: RHB Lee O'Reilly 0-0: Ball
1-0: Fly out, F8 (Flyball, 8LD, EV 96.9 MPH)
Bottom of the 2nd over - 0 runs, 0 hits, 1 error, 2 left on base; Boston (Rk+) 2 - Baltimore (Rk+) 1
TOP OF THE 3RD
Boston (Rk+) Red Sox batting - Pitching for Baltimore (Rk+) Orioles : LHP Jim Orton
Batting: RHB Tom Carey 0-0: Called Strike
0-1: Ball
1-1: Ball
2-1: Ball
3-1: Ground out 6-3 (Groundball, 6, EV 100.6 MPH)
Batting: RHB Aaron Weber 0-0: Ball
1-0: Called Strike
1-1: Ball
2-1: Ball
3-1: Foul Ball, location: 25F
3-2: Ground out 4-3 (Groundball, 4MD, EV 98.1 MPH)
Batting: SHB Alejandro Rodriguez 0-0: Called Strike
0-1: Foul Ball, location: 3SF
0-2: Ball
1-2: Strikes out looking
Top of the 3rd over - 0 runs, 0 hits, 0 errors, 0 left on base; Boston (Rk+) 2 - Baltimore (Rk+) 1
BOTTOM OF THE 3RD
Baltimore (Rk+) Orioles batting - Pitching for Boston (Rk+) Red Sox : RHP Tim Clarke
Batting: RHB Eddie Medina 0-0: Ball
1-0: Ball
2-0: Ground out 5-3 (Groundball, 5, EV 78.8 MPH)
Batting: RHB Jordan Stevens 0-0: Called Strike
0-1: Ball
1-1: Ground out 6-3 (Groundball, 6M, EV 105.0 MPH)
Batting: RHB Chris Rempert 0-0: Ball
1-0: Swinging Strike
1-1: Foul Ball, location: 9LDF
1-2: Strikes out looking
Bottom of the 3rd over - 0 runs, 0 hits, 0 errors, 0 left on base; Boston (Rk+) 2 - Baltimore (Rk+) 1
TOP OF THE 4TH
Boston (Rk+) Red Sox batting - Pitching for Baltimore (Rk+) Orioles : LHP Jim Orton
Batting: RHB Manny Vega 0-0: Ball
1-0: Foul Ball, location: 7LDF
1-1: Ball
2-1: Called Strike
2-2: Ball
3-2: Base on Balls
Batting: LHB Jeremy Bertsch 0-0: Ball
1-0: Ball
2-0: Grounds into double play, 4-6-3 (Groundball, 4, EV 89.4 MPH)
Batting: RHB Steve Kolinski 0-0: Ball
1-0: SINGLE (Groundball, 34D, EV 95.6 MPH)
Batting: RHB Dave Cardona 0-0: Foul Ball, location: 9LDF
0-1: Foul Ball, location: 25F
0-2: Foul Ball, location: 3F
0-2: Strikes out looking
Top of the 4th over - 0 runs, 1 hit, 0 errors, 1 left on base; Boston (Rk+) 2 - Baltimore (Rk+) 1
BOTTOM OF THE 4TH
Baltimore (Rk+) Orioles batting - Pitching for Boston (Rk+) Red Sox : RHP Tim Clarke
Batting: SHB Jason Massey 0-0: Ball
1-0: Ball
2-0: Called Strike
2-1: SINGLE (Line Drive, 89S, EV 103.1 MPH)
Batting: RHB Bobby Snow 0-0: Ball
1-0: Called Strike
1-1: Fly out, F8 (Flyball, 8LD, EV 81.9 MPH)
Batting: RHB Jorge Chavez 0-0: Grounds into double play, 6-4-3 (Groundball, 6, EV 78.1 MPH)
Bottom of the 4th over - 0 runs, 1 hit, 0 errors, 0 left on base; Boston (Rk+) 2 - Baltimore (Rk+) 1
TOP OF THE 5TH
Boston (Rk+) Red Sox batting - Pitching for Baltimore (Rk+) Orioles : LHP Jim Orton
Batting: LHB Ernie Hitchcock 0-0: Called Strike
0-1: Ball
1-1: Called Strike
1-2: Strikes out swinging
Batting: RHB Jim Porcelli 0-0: Called Strike
0-1: Ball
1-1: Ball
2-1: SINGLE (Flyball, 8RS, EV 99.4 MPH)
Batting: RHB Tom Carey 0-0: Foul Ball, location: 5F
0-1: Fly out, F8 (Flyball, 8LS, EV 83.1 MPH)
Batting: RHB Aaron Weber 0-0: Called Strike
0-1: Ball
1-1: Fly out, F8 (Flyball, 8LXD, EV 110.6 MPH)
Top of the 5th over - 0 runs, 1 hit, 0 errors, 1 left on base; Boston (Rk+) 2 - Baltimore (Rk+) 1
BOTTOM OF THE 5TH
Baltimore (Rk+) Orioles batting - Pitching for Boston (Rk+) Red Sox : RHP Tim Clarke
Batting: RHB Greg Payne 0-0: Ground out 5-3 (Groundball, 56, EV 88.8 MPH)
Batting: LHB Octavio Salgado 0-0: Called Strike
0-1: Ball
1-1: Ground out 4-3 (Groundball, 34D, EV 83.1 MPH)
Batting: RHB Lee O'Reilly 0-0: Swinging Strike
0-1: Called Strike
0-2: Ball
1-2: Strikes out swinging
Bottom of the 5th over - 0 runs, 0 hits, 0 errors, 0 left on base; Boston (Rk+) 2 - Baltimore (Rk+) 1
TOP OF THE 6TH
Boston (Rk+) Red Sox batting - Pitching for Baltimore (Rk+) Orioles : LHP Jim Orton
Batting: SHB Alejandro Rodriguez 0-0: Ball
1-0: Called Strike
1-1: Foul Ball, location: 7LSF
1-2: Strikes out swinging
Batting: RHB Manny Vega 0-0: Foul Ball, location: 2F
0-1: Ball
1-1: Called Strike
1-2: Foul Ball, location: 2RF
1-2: Foul Ball, location: 25F
1-2: Foul Ball, location: 9LMF
1-2: Foul Ball, location: 3F
1-2: Fly out, F8 (Flyball, 8LM, EV 98.1 MPH)
Batting: LHB Jeremy Bertsch 0-0: Called Strike
0-1: DOUBLE (Groundball, 5L, EV 94.4 MPH)
Batting: RHB Steve Kolinski 0-0: SINGLE (Flyball, 8RS, EV 90.0 MPH)
Jeremy Bertsch to third
Runner from 3rd tries for Home, SAFE, throw by CF to home
Batting: RHB Dave Cardona 0-0: Called Strike
0-1: TRIPLE (Line Drive, 89XD, EV 101.9 MPH)
Steve Kolinski scores
Batting: LHB Ernie Hitchcock 0-0: Ball
1-0: Called Strike
1-1: Foul Ball, location: 3F
1-2: Foul Ball, location: 2F
1-2: Ball
2-2: Foul Ball, location: 2F
2-2: Strikes out swinging
Top of the 6th over - 2 runs, 3 hits, 0 errors, 1 left on base; Boston (Rk+) 4 - Baltimore (Rk+) 1
BOTTOM OF THE 6TH
Baltimore (Rk+) Orioles batting - Pitching for Boston (Rk+) Red Sox : RHP Tim Clarke
Batting: RHB Eddie Medina 0-0: Called Strike
0-1: Ball
1-1: Ball
2-1: Ground out 5-3 (Groundball, 56S, EV 90.0 MPH)
Batting: RHB Jordan Stevens 0-0: Called Strike
0-1: SINGLE (Line Drive, 56, EV 93.8 MPH)
Pitching: RHP Leo Alderete
Batting: RHB Chris Rempert 0-0: Swinging Strike
0-1: Called Strike
0-2: Fly out, F8 (Flyball, 8RM, EV 91.3 MPH)
Batting: SHB Jason Massey 0-0: Ball
1-0: Called Strike
1-1: Ball
2-1: Ball
3-1: Foul Ball, location: 5FF
3-2: SINGLE (Line Drive, 3D, EV 100.0 MPH)
Jordan Stevens to second
Jordan Stevens to third
Batting: RHB Bobby Snow 0-0: Called Strike
0-1: Swinging Strike
0-2: Ball
1-2: Foul Ball, location: 2F
1-2: Strikes out swinging
Bottom of the 6th over - 0 runs, 2 hits, 0 errors, 2 left on base; Boston (Rk+) 4 - Baltimore (Rk+) 1
TOP OF THE 7TH
Boston (Rk+) Red Sox batting - Pitching for Baltimore (Rk+) Orioles : LHP Jim Orton
Pitching: RHP Kevin Agee
Batting: RHB Jim Porcelli 0-0: Called Strike
0-1: Ball
1-1: Swinging Strike
1-2: Ball
2-2: Ball
3-2: Strikes out swinging
Batting: RHB Tom Carey 0-0: Foul Ball, location: 2F
0-1: Ball
1-1: Called Strike
1-2: Foul Ball, location: 9LSF
1-2: Ball
2-2: Foul Ball, location: 9LMF
2-2: Ball
3-2: Foul Ball, location: 2F
3-2: DOUBLE (Line Drive, 78M, EV 91.3 MPH)
Batting: RHB Aaron Weber 0-0: Ball
1-0: Ball
2-0: Called Strike
2-1: Ball
3-1: Ground out 6-3 (Groundball, 6, EV 83.1 MPH)
Tom Carey to third
Batting: SHB Alejandro Rodriguez 0-0: Called Strike
0-1: Swinging Strike
0-2: Strikes out swinging
Top of the 7th over - 0 runs, 1 hit, 0 errors, 1 left on base; Boston (Rk+) 4 - Baltimore (Rk+) 1
BOTTOM OF THE 7TH
Baltimore (Rk+) Orioles batting - Pitching for Boston (Rk+) Red Sox : RHP Leo Alderete
Batting: RHB Jorge Chavez 0-0: Fly out, F3 (Popup, 3SF, EV 86.3 MPH)
Batting: RHB Greg Payne 0-0: Ball
1-0: Foul Ball, location: 3F
1-1: Foul Ball, location: 9LMF
1-2: Strikes out swinging
Batting: LHB Octavio Salgado 0-0: Ball
1-0: Fly out, F8 (Line Drive, 89M, EV 103.8 MPH)
Bottom of the 7th over - 0 runs, 0 hits, 0 errors, 0 left on base; Boston (Rk+) 4 - Baltimore (Rk+) 1
TOP OF THE 8TH
Boston (Rk+) Red Sox batting - Pitching for Baltimore (Rk+) Orioles : RHP Kevin Agee
Batting: RHB Manny Vega 0-0: Called Strike
0-1: Fly out, F6 (Line Drive, 6MD, EV 66.3 MPH)
Batting: LHB Jeremy Bertsch 0-0: Ground out 6-3 (Groundball, 6, EV 86.9 MPH)
Batting: RHB Steve Kolinski 0-0: SINGLE (Line Drive, 8RS, EV 86.9 MPH)
Batting: RHB Dave Cardona 0-0: Called Strike
0-1: Called Strike
0-2: Strikes out looking
Top of the 8th over - 0 runs, 1 hit, 0 errors, 1 left on base; Boston (Rk+) 4 - Baltimore (Rk+) 1
BOTTOM OF THE 8TH
Baltimore (Rk+) Orioles batting - Pitching for Boston (Rk+) Red Sox : RHP Leo Alderete
Batting: RHB Lee O'Reilly 0-0: SINGLE (Line Drive, 9S, EV 106.9 MPH)
Pinch Hitting: RHB Ricardo Cabrera 0-0: Called Strike
0-1: Grounds into double play, 4-6-3 (Groundball, 4, EV 84.4 MPH)
Batting: RHB Jordan Stevens 0-0: Called Strike
0-1: DOUBLE (Groundball, 5L, EV 95.6 MPH)
Pinch Hitting: LHB Jose Estrada 0-0: Ground out U3 (Groundball, 3L, EV 81.3 MPH)
Bottom of the 8th over - 0 runs, 2 hits, 0 errors, 1 left on base; Boston (Rk+) 4 - Baltimore (Rk+) 1
TOP OF THE 9TH
Boston (Rk+) Red Sox batting - Pitching for Baltimore (Rk+) Orioles : RHP Kevin Agee
Now at 2B: Mike Gonya
Now in LF: Jason Massey
Now in CF: Jose Estrada
Now in RF: Octavio Salgado
Batting: LHB Ernie Hitchcock 0-0: Called Strike
0-1: Foul Ball, location: 9LSF
0-2: Foul Ball, location: 7LMF
0-2: SINGLE (Line Drive, 4D, EV 98.8 MPH)
Batting: RHB Jim Porcelli 0-0: Foul Ball, location: 25F
0-1: Ball
1-1: Fly out, F9 (Flyball, 9, EV 98.1 MPH)
Batting: RHB Tom Carey 0-0: Ball
1-0: Swinging Strike
1-1: Ball
2-1: Foul Ball, location: 3FF
2-2: Ball
3-2: Strikes out swinging
Pitching: RHP Jeff Gifford
Batting: RHB Aaron Weber 0-0: Ball
1-0: Fielders Choice at 2nd, 5-4 (Groundball, 56, EV 85.0 MPH)
Top of the 9th over - 0 runs, 1 hit, 0 errors, 1 left on base; Boston (Rk+) 4 - Baltimore (Rk+) 1
BOTTOM OF THE 9TH
Baltimore (Rk+) Orioles batting - Pitching for Boston (Rk+) Red Sox : RHP Leo Alderete
Now at 1B: Tomas Padilla
Now at 3B: Aaron Gullickson
Now in LF: Ernie Hitchcock
Now in RF: Frank Ozaeta
Batting: SHB Jason Massey 0-0: Fly out, F8 (Flyball, 8LM, EV 91.3 MPH)
Pinch Hitting: RHB Lienhard Miller 0-0: Ball
1-0: Swinging Strike
1-1: Ball
2-1: Ball
3-1: Foul Ball, location: 2F
3-2: Base on Balls
Batting: RHB Jorge Chavez 0-0: Grounds into double play, 4-6-3 (Groundball, 4, EV 107.5 MPH)
Bottom of the 9th over - 0 runs, 0 hits, 0 errors, 0 left on base; Boston (Rk+) 4 - Baltimore (Rk+) 1
Sunday, May 12th , 2024 - OOTP Baseball 24.11 Build 85